AoeStats
← [ESTG] FULLBIG

Arabia

508101966Analyzed
1v1 RM · 13d ago on Sep 20, 2026· 23m 1s· 2 players
Game mode
Random Map
Map size
Tiny (2 player)
Population
200
Speed
Normal
Resources
Standard
Victory
Conquest
Starting age
Dark Age
Ending age
Imperial Age
RankedLock teamsTeams togetherTeam positionsShared explorationLock speedFull tech treeHidden civsTurbo modeCheats
Victory
Defeat
🇦🇷 Gurjaras · Argentina
1178
+15
🇨🇴 Ethiopians · Colombia
1158
-15
[ESTG] FULLBIG
5:06 Loom
9:40 Feudal Age
10:31 Double-Bit Axe
14:31 Wheelbarrow
14:45 Fletching
16:37 Padded Archer Armor
20:13 Horse Collar
23:36 Castle Age
22:02 Gold Mining
De_Witt
7:11 Loom
9:18 Feudal Age
11:51 Double-Bit Axe
16:11 Fletching
16:57 Scale Mail Armor
21:40 Castle Age
20:08 Scale Barding Armor
19:59 Horse Collar
21:14 Bloodlines
22:06 Forging
22:57 Bodkin Arrow
Connection lost

Rejoining the realm…

Still unreachable

The connection could not be restored.

Session expired

The server has moved on; the page needs a fresh start.